Map: Dash and Terminal LE (Void)

Players

Jerrie - Winner!

  • Race: Protoss Protoss
  • League: Bronze

SticklerMac

  • Race: Zerg Zerg
  • League: Silver

VOD

Have the link to the VOD?

Description

Time

  • Played on: Aug. 30, 2015, 6:30 p.m.
  • Length: 15:01
Show
View Real Time Build Order
Export as new Build Order

Jerrie Protoss - Winner!

Build Orders:  

Get SALT Encoding   

  12  0:02  Probe  
  14  0:14  Probe  
  14  0:19  Pylon  
  14  0:26  Probe  
  15  0:38  Gateway, Probe  
  16  0:46  Assimilator  
  16  0:51  Probe  
  17  1:03  Probe  
  18  1:07  Pylon  
  18  1:15  Probe  
  19  1:29  Probe  
  19  1:30  Cybernetics Core  
  22  1:41  Probe  
  21  1:54  Nexus  
  21  1:56  Warp Gate  
  21  2:00  Probe  
  22  2:12  Mothership Core  
  24  2:16  Pylon  
  24  2:24  Adept  
  26  2:33  Probe  
  26  2:34  Pylon  
  26  2:45  Probe  
  27  2:51  Stalker  
  27  2:54  Forge  
  29  3:00  Probe  
  29  3:04  Assimilator  
  30  3:09  Probe  
  30  3:12  Probe  
  32  3:21  Probe  
  32  3:22  Gateway  
  33  3:38  Pylon  
  33  3:56  Probe  
  33  4:00  Probe  
  35  4:07  Gateway, Pylon  
  35  4:09  Gateway  
  35  4:10  Pylon, Photon Cannon  
  35  4:40  Probe  
  35  4:42  Assimilator  
  36  4:52  Twilight Council, Robotics Facility, Probe  
  36  4:54  Pylon  
  35  5:07  Stalker  
  35  5:08  Probe  
  35  5:09  Probe  
  39  5:19  Gateway  
  39  5:20  Gateway, Protoss Ground Weapons Level 1, Probe  
  39  5:21  Probe  
  41  5:37  Probe x2  
  41  5:40  Sentry  
  41  5:41  Assimilator  
  45  5:49  Probe x2  
  47  5:52  Zealot x3  
  53  6:11  Charge  
  53  6:13  Zealot x2  
  53  6:14  Zealot x2  
  61  6:21  Probe x2  
  61  6:24  Sentry  
  61  6:25  Zealot  
  67  6:33  Probe x2  
  67  6:37  Zealot x2  
  67  6:39  Immortal  
  77  6:45  Probe  
  78  6:53  Zealot x4  
  86  7:16  Pylon  
  86  7:17  Pylon  
  86  7:20  Pylon  
  86  7:22  Pylon  
  84  7:43  Zealot x3  
  84  7:44  Zealot x3  
  94  7:49  Templar Archives  
  96  7:51  Protoss Ground Weapons Level 2, Stargate  
  96  7:57  Forge  
  96  8:07  Nexus  
  96  8:18  Observer  
  97  8:24  Assimilator  
  97  8:25  Psionic Storm  
  97  8:29  Assimilator, Blink  
  97  8:31  Pylon  
  97  8:35  Pylon, High Templar x3  
  103  8:42  Protoss Ground Armor Level 1  
  103  8:53  Immortal  
  107  9:00  Photon Cannon  
  107  9:03  Photon Cannon  
  65  9:32  Immortal  
  69  9:39  Zealot x3  
  69  9:40  Zealot x2  
  79  9:45  Archon  
  79  9:52  Zealot  
  61  10:09  Probe x3  
  61  10:10  Zealot x5  
  74  10:14  Photon Cannon  
  74  10:18  Photon Cannon  
  74  10:19  Gateway  
  74  10:21  Probe  
  67  10:47  Zealot x3  
  67  10:48  Zealot  
  75  10:56  Zealot x2  
  77  11:06  Probe x3  
  80  11:15  Gateway  
  80  11:17  High Templar x3  
  80  11:18  Gateway, High Templar, Probe  
  88  11:19  High Templar x2  
  88  11:21  Probe x2  
  88  11:22  Protoss Shields Level 1  
  95  11:32  Archon  
  95  11:36  High Templar  
  95  11:39  Protoss Ground Weapons Level 3  
  97  11:57  Photon Cannon  
  97  11:59  Photon Cannon  
  97  12:02  Photon Cannon  
  97  12:06  Photon Cannon  
  97  12:17  Stalker x4  
  97  12:18  Stalker x2  
  109  12:26  Warp Prism  
  111  12:35  Stalker  
  113  12:45  Stalker x3  
  113  12:46  Stalker  
  121  12:52  High Templar  
  121  12:53  High Templar  
  121  12:56  Archon  
  125  13:16  Gateway  
  125  13:18  Gateway  
  125  13:21  Gateway  
  125  13:22  Zealot x5  
  110  13:56  High Templar x4  
  110  13:57  High Templar x2  
  110  13:58  High Templar  
  110  13:59  Archon x3  
  124  14:37  Stalker x3  
  124  14:38  Stalker x3  
  134  14:39  Stalker  
  134  14:40  Stalker x2  
  134  14:45  Nexus  
Show
View Real Time Build Order
Export as new Build Order

SticklerMac Zerg 

Build Orders: Pool First 

Get SALT Encoding   

  12  0:01  Drone  
  13  0:09  Drone  
  14  0:16  Overlord  
  14  0:35  Drone x3  
  17  0:48  Drone  
  18  0:52  Spawning Pool  
  18  0:56  Extractor  
  16  0:58  Drone  
  17  1:16  Hatchery  
  16  1:19  Drone  
  16  1:20  Drone  
  18  1:31  Drone  
  19  1:41  Drone  
  19  1:44  Queen  
  22  2:15  Overlord x2  
  22  2:27  Queen  
  22  2:29  Queen  
  24  2:32  Drone x2  
  28  2:43  Drone x3  
  31  2:49  Drone  
  31  2:50  Drone  
  31  2:51  Drone  
  34  2:54  Drone  
  35  3:04  Roach Warren  
  35  3:05  Drone  
  34  3:17  Spine Crawler  
  34  3:18  Drone  
  34  3:19  Drone  
  35  3:20  Drone  
  35  3:21  Drone  
  35  3:26  Spine Crawler  
  36  3:29  Drone  
  36  3:32  Zergling x2  
  38  3:35  Lair  
  37  3:50  Drone x3  
  38  3:57  Drone x3  
  38  4:01  Roach  
  43  4:05  Overlord  
  43  4:06  Overlord x2  
  43  4:15  Overlord  
  43  4:17  Overlord  
  43  4:28  Roach x3  
  43  4:29  Roach  
  49  4:42  Roach x2  
  49  4:43  Roach x2  
  57  4:58  Zergling x6  
  57  4:59  Zergling x2  
  61  5:07  Hatchery  
  61  5:08  Zergling x2  
  61  5:15  Spore Crawler  
  61  5:17  Spore Crawler  
  61  5:18  Roach x4  
  67  5:23  Glial Reconstitution  
  67  5:24  Roach  
  69  5:29  Roach x2  
  69  5:33  Roach x2  
  77  5:55  Drone x2, Extractor  
  77  5:56  Drone x3, Extractor  
  80  6:16  Drone x3  
  83  6:20  Overlord x4  
  83  6:30  Drone x2  
  85  6:33  Drone x3  
  85  6:38  Ravager x2  
  85  6:39  Ravager  
  91  6:52  Ravager  
  92  6:57  Overseer  
  91  7:17  Roach x2  
  91  7:18  Roach x5  
  91  7:19  Roach  
  91  7:20  Roach  
  85  7:31  Roach x3  
  85  7:32  Roach  
  87  7:38  Roach x2  
  87  7:39  Zergling x2  
  87  7:40  Zergling x6  
  95  7:47  Roach x3  
  95  7:50  Zergling x4  
  103  7:52  Zergling x6  
  100  8:12  Roach x2  
  93  8:13  Roach x4  
  93  8:16  Roach  
  93  8:17  Roach  
  91  8:29  Roach  
  91  8:30  Roach x4  
  91  8:31  Roach  
  91  8:33  Zergling x6  
  106  8:49  Roach x2  
  106  8:50  Roach  
  106  8:52  Drone  
  113  8:56  Overlord x3  
  113  8:58  Overlord x2  
  113  9:17  Roach x4  
  110  9:18  Hatchery, Roach x3  
  105  9:26  Roach x4  
  105  9:30  Roach x3  
  113  9:42  Roach  
  113  9:43  Roach x3  
  121  9:52  Roach  
  115  9:53  Roach x3  
  107  10:05  Drone, Zergling x6  
  107  10:06  Zergling x6  
  106  10:12  Roach  
  100  10:22  Roach x4  
  100  10:27  Roach  
  96  10:34  Roach x4  
  104  10:44  Roach x3  
  104  10:47  Roach  
  104  10:48  Roach  
  104  10:49  Roach  
  101  11:02  Roach  
  101  11:03  Roach x4  
  99  11:16  Roach x3  
  105  11:23  Roach x2  
  105  11:25  Drone  
  110  11:26  Drone  
  111  11:40  Drone x2  
  111  11:41  Drone x5  
  111  11:42  Drone  
  111  11:44  Zergling x2  
  120  11:49  Drone x2  
  120  11:50  Drone  
  123  12:00  Roach x4  
  131  12:10  Tunneling Claws  
  131  12:11  Burrow  
  131  12:14  Roach x2  
  135  12:24  Extractor  
  135  12:29  Hydralisk Den  
  133  12:43  Queen  
  133  12:46  Roach x12  
  159  13:16  Overlord x2  
  159  13:17  Overlord x5  
  159  13:23  Roach x42  
  159  13:30  Drone x4  
  148  13:43  Roach  
  148  13:44  Roach x15  
  148  13:45  Roach  
  124  13:54  Roach  
  124  13:55  Roach x3  
  102  14:03  Hydralisk x2  
  102  14:08  Hydralisk  
  102  14:09  Hydralisk  
  102  14:17  Hydralisk  
  102  14:20  Hydralisk  
  96  14:31  Hydralisk x3  
  96  14:32  Hydralisk  
Tags
 
Add a new tag
Caveats
  • Supply blocks, unpowered buildings, or Contaminate may cause inaccurate times.
  • Supply counts are checked every 10 seconds.